 Dungeon Crawl Stone Soup version 0.22-a0-147-gfdd7f25 (webtiles) character file.

300 Moebius the Caller (level 6, -1/35 HPs)
             Began as a Tengu Summoner on Feb 6, 2018.
             Slain by a worker ant (8 damage)
             ... on level 4 of the Dungeon.
             The game lasted 00:11:53 (3348 turns).

Moebius the Caller (Tengu Summoner)                 Turns: 3348, Time: 00:11:56

Health: -1/35      AC:  3    Str:  8    XL:     6   Next: 36%
Magic:  9/11       EV: 13    Int: 18    God:
Gold:   197        SH:  0    Dex: 17    Spells: 1/11 levels left

rFire    . . .     SeeInvis .   g - +0 spear
rCold    . . .     Gourm    .   (no shield)
rNeg     . . .     Faith    .   a - +0 robe
rPois    .         Spirit   .   (helmet restricted)
rElec    .         Reflect  .   (no cloak)
rCorr    .         Harm     .   i - +0 pair of gloves
MR       .....                  (boots unavailable)
Stlth    ++........             (no amulet)
HPRegen  0.11/turn              j - +3 ring of dexterity
MPRegen  0.12/turn              (no ring)

@: lethally poisoned (-1 -> -4)
A: beak, talons 3, able to fly 1
a: Fly


You were on level 4 of the Dungeon.
You were not hungry.

You visited 1 branch of the dungeon, and saw 4 of its levels.

You collected 197 gold pieces.

Inventory:

Hand Weapons
 g - a +0 spear (weapon)
 h - a +0 mace
 w - a +2 dagger of venom
Missiles
 f - 38 bolts
 k - 14 poisoned needles
 n - 46 arrows
 s - 8 javelins (quivered)
Armour
 a - a +0 robe (worn)
 i - a +0 pair of gloves (worn)
Jewellery
 j - a +3 ring of dexterity (left hand)
 y - an uncursed amulet of rage
Wands
 A - a wand of iceblast (7)
Scrolls
 d - 2 scrolls of enchant armour {unknown}
 e - 5 scrolls of identify {unknown}
 l - 2 scrolls of teleportation {unknown}
 q - a scroll of fog {unknown}
 r - 2 scrolls of remove curse {unknown}
 B - a scroll of amnesia {unknown}
Potions
 m - a potion of ambrosia
 o - 2 potions of berserk rage {unknown}
 p - a potion of agility {unknown}
 t - a potion of lignification {unknown}
 u - 2 potions of curing {unknown}
 v - a potion of invisibility {unknown}
 x - 2 potions of brilliance {unknown}
 z - a potion of cancellation {unknown}
Books
 b - a book of Callings

   Spells                             Type                      Level
   a - Summon Small Mammal            Summoning                    1
   b - Call Imp                       Summoning                    2
   c - Call Canine Familiar           Summoning                    3
   d - Summon Guardian Golem          Hexes/Summoning              3
   e - Summon Lightning Spire         Summoning/Air                4
   f - Summon Ice Beast               Ice/Summoning                4
Comestibles
 c - 4 rations
 C - 2 chunks of flesh


   Skills:
 + Level 1.7 Fighting
 + Level 3.4 Polearms
 - Level 2.1 Dodging
 - Level 2.0 Stealth
 + Level 3.0 Spellcasting
 + Level 6.8 Summonings


You had one spell level left.
You knew the following spells:

 Your Spells              Type           Power        Failure   Level  Hunger
a - Summon Small Mammal   Summ           ####         1%          1    None
b - Call Imp              Summ           ####....     1%          2    ##.....
c - Call Canine Familiar  Summ           ####....     3%          3    ###....
d - Summon Ice Beast      Ice/Summ       ###.....     36%         4    ####...


Dungeon Overview and Level Annotations

Branches:
Dungeon (4/15)
 Temple: D:4-7

Altars:
Ru
Uskayaw
Wu Jian


Innate Abilities, Weirdness & Mutations

You have a beak for a mouth.
You have claws for feet.
You can fly.


Message History

The worker ant completely misses you.
You barely miss the worker ant. You claw the worker ant.
You peck the worker ant, but do no damage.
The worker ant is heavily wounded.
Your hound misses the worker ant. The worker ant barely misses you.
Your hound bites the worker ant.
You hit the worker ant but do no damage.
You claw the worker ant.
The worker ant is severely wounded.
The worker ant bites you.
You are poisoned.
The worker ant poisons you!
Your hound bites the worker ant.
You strike the helpless worker ant from behind!
You hit the worker ant but do no damage.
The worker ant is almost dead.
You feel sick. The worker ant bites you!
* * * LOW HITPOINT WARNING * * *
Your hound bites the worker ant but does no damage.
The worker ant bites you!
You die...

###.#.# #.# ##..
#.#.# #.# ##... #.#.#
#.# ##.... # #.#.#
#.# ##..#.. #.
##.#.####.###..##..
#.
#..................
#.#....######........
#....ah.# #........
#...@...# ##.......
#.......# ##......
#......## ###..)..
#.##.>.## ##......
..# ##.## #.......
### #.# #....... #.#
#....... #.# ##..##..
##..#..


You could see a worker ant and a friendly hound.

Vanquished Creatures
  A scorpion (D:4)
  Natasha (D:3)
  A worker ant (D:4)
  An adder (D:3)
  2 oozes
  A leopard gecko (D:4)
  8 bats
  2 giant cockroaches
  3 goblins
  3 hobgoblins
  13 kobolds
  A ball python (D:2)
  6 frilled lizards
  9 rats
52 creatures vanquished.

Vanquished Creatures (collateral kills)
  An ogre (D:4)
  A scorpion (D:4)
  A centaur skeleton (D:4)
  Ijyb (D:3)
  Natasha (twice) (D:3)
  A worker ant (D:4)
  2 adders
  A leopard gecko (D:3)
  An orc (D:4)
  A bat (D:2)
  2 giant cockroaches
  2 goblins
  A hobgoblin (D:2)
  A kobold (D:3)
  2 frilled lizards
  A rat (D:3)
21 creatures vanquished.

Grand Total: 73 creatures vanquished

Notes
Turn   | Place    | Note
-------+----------+-------------------------------------------
     0 | D:1      | Moebius the Tengu Summoner began the quest for the Orb.
     0 | D:1      | Reached XP level 1. HP: 10/10 MP: 4/4
    52 | D:1      | Reached skill level 5 in Summonings
    55 | D:1      | Reached XP level 2. HP: 15/15 MP: 4/6
   553 | D:1      | Reached XP level 3. HP: 16/19 MP: 7/7
   557 | D:1      | Learned a level 2 spell: Call Imp
   561 | D:1      | Learned a level 3 spell: Call Canine Familiar
   901 | D:2      | Found an ornate altar of the Wu Jian Council.
   942 | D:3      | Found a faded altar of an unknown god.
   942 | D:3      | Noticed Natasha
   950 | D:3      | Killed Natasha
   950 | D:3      | Reached skill level 1 in Polearms
   950 | D:3      | Reached skill level 6 in Summonings
   950 | D:3      | Reached XP level 4. HP: 24/24 MP: 2/8
  1244 | D:2      | Reached skill level 1 in Fighting
  1591 | D:2      | Found a hide-covered altar of Uskayaw.
  1859 | D:3      | Noticed Natasha
  1868 | D:3      | Killed Natasha
  1880 | D:3      | Noticed Natasha
  1891 | D:3      | Killed Natasha
  1891 | D:3      | Gained mutation: You can fly. [Tengu growth]
  1891 | D:3      | Reached XP level 5. HP: 7/29 MP: 4/9
  2109 | D:3      | Noticed Ijyb
  2128 | D:3      | Killed Ijyb
  2416 | D:3      | Found a sacrificial altar of Ru.
  2899 | D:4      | Noticed an ogre
  2923 | D:4      | Killed an ogre
  2923 | D:4      | Reached XP level 6. HP: 6/35 MP: 4/11
  2929 | D:4      | Learned a level 4 spell: Summon Ice Beast
  3348 | D:4      | Slain by a worker ant

Vault maps used:
D:1:      eino_arrival_water_cross, minmay_misc_feat_room
D:2:      lemuel_crystal_altar, lemuel_crystal_altar, grunt_ministairs_13
D:3:      marbit_many_paths, chequers_ecumenical_altar_simple, uniq_natasha,
          uniq_ijyb
D:4:      zin_scriptorium, kiku_gazebo_garden_becter, minmay_temple_entry_mist,
          serial_shops, kennysheep_little_box, first_ration,
          kennysheep_decorative_pillar

Skill      XL: |  1  2  3  4  5  6 |
---------------+-------------------+-----
Summonings     | 5 6 |  6.8
Polearms       | 1 2 3 |  3.4
Fighting       | 1 |  1.7
Spellcasting   | 3 |  3.0
Dodging        | |  2.1
Stealth        | |  2.0

Action                   |  1- 3 |  4- 6 || total
-------------------------+-------+-------++-------
Melee: Unarmed           |     8 |       ||     8
       Kick              |    12 |    23 ||    35
       Peck              |    10 |    12 ||    22
       Spear             |    82 |   112 ||   194
Throw: Javelin           |       |     5 ||     5
 Cast: Summon Small Mamm |     5 |       ||     5
       Call Canine Famil |     4 |     8 ||    12
       Call Imp          |     2 |    11 ||    13
       Summon Ice Beast  |       |     1 ||     1
  Use: Potion            |       |     1 ||     1
 Stab: Sleeping          |     7 |    10 ||    17
       Distracted        |       |     1 ||     1
  Eat: Chunk             |       |    10 ||    10
Armor: Robe              |    14 |    14 ||    28
Dodge: Dodged            |    54 |    55 ||   109

Table legend:
 A = Spawn XP
 B = Non-spawn XP
 C = Spawn XP percentage of total XP
 D = Spawn monster count
 E = Non-spawn monster count
 F = Spawn count percentage of total count
 G = Total turns spent on level
                    A         B        C        D         E        F      G
               +---------+---------+-------+---------+---------+-------+---------
         Total |       0 |     429 |   0.0 |       0 |      73 |   0.0 |  3348
               +---------+---------+-------+---------+---------+-------+---------
           D:1 |       0 |      34 |   0.0 |       0 |      20 |   0.0 |   626
           D:2 |       0 |      26 |   0.0 |       0 |      19 |   0.0 |  1112
           D:3 |       0 |     147 |   0.0 |       0 |      25 |   0.0 |   847
           D:4 |       0 |     222 |   0.0 |       0 |       9 |   0.0 |   763
               +---------+---------+-------+---------+---------+-------+---------
